 Dungeon Crawl Stone Soup version 0.31.0-32-g396128a36d (webtiles) character file.

Game seed: 16548541804412762416

97861 Henri the Wrestler (level 15, -6/156 HPs)
             Began as a Troll Gladiator on Apr 4, 2024.
             Was a High Priest of Jiyva.
             Mangled by an eight-headed hydra (12 damage)
             ... on level 5 of the Lair of Beasts.
             The game lasted 01:05:06 (21202 turns).

Henri the Wrestler (Troll Gladiator)               Turns: 21202, Time: 01:05:07

Health: -6/156     AC: 26    Str: 35    XL:     15   Next: 73%
Magic:  0/14       EV: 11    Int:  7    God:    Jiyva [*****.]
Gold:   1299       SH:  0    Dex: 11    Spells: 14/14 levels left

rFire   + . .        o - +5 giant spiked club (protect)
rCold   + . .        (shield currently unavailable)
rNeg    . . .        U - +2 troll leather armour
rPois   +            K - +2 hat
rElec   .            F - +4 cloak of Nyrocs {Int+3}
rCorr   +            (gloves unavailable)
SInv    +            (boots unavailable)
Will    +....        B - amulet of guardian spirit
Stlth   +            C - ring of Qehoomm {rPois AC+4 SInv Stlth-}
HPRegen 3.50/turn    W - ring of the Nice Grape {rF+ rC+ Str+3}
MPRegen 0.86/turn

%: guardian spirit
@: under a protective aura, studying Fire Magic
A: large, unfitting armour, claws 3, regeneration 1, shaggy fur 1, tough skin 1,
beak, acidic bite, MP-powered wands, engulf
a: Renounce Religion, Oozemancy, Slimify


You were on level 5 of the Lair of Beasts.
You worshipped Jiyva.
Jiyva was extremely pleased with you.
You visited 4 branches of the dungeon, and saw 23 of its levels.
You visited the Abyss 1 time.
You also visited: Ossuary.

You collected 5840 gold pieces.
You spent 2050 gold pieces at shops.
You paid 2491 gold pieces to Gozag.

Inventory:

Hand Weapons
 o - a +5 giant spiked club of protection (weapon)
Missiles
 c - 3 throwing nets
 d - 38 large rocks (quivered)
 L - 4 silver javelins
 S - 11 javelins
Armour
 i - +0 swamp dragon scales
 y - the +0 hat "Ruro" {rC+ rCorr}
   (You bought it in a shop on level 8 of the Dungeon)

   rC+:       It protects you from cold.
   rCorr:     It protects you from acid and corrosion.
 D - a +2 robe of resistance
 F - the +4 cloak of Nyrocs (worn) {Int+3}
   (You found it on level 7 of the Dungeon)

   Int+3:     It affects your intelligence (+3).
 K - a +2 hat (worn)
 U - a +2 troll leather armour (worn)
Jewellery
 g - a +4 ring of protection
 q - a +6 ring of strength
 B - an amulet of guardian spirit (around neck)
 C - the ring of Qehoomm (left claw) {rPois AC+4 SInv Stlth-}
   (You bought it in a shop on level 2 of the Orcish Mines)

   [ring of protection]

   AC+4:      It affects your AC (+4).
   rPois:     It protects you from poison SInv: It lets you see invisible.
   Stlth-:    It makes you less stealthy.
 H - an amulet of regeneration
 O - a ring of ice
 W - the ring of the Nice Grape (right claw) {rF+ rC+ Str+3}
   (You bought it in a shop on level 11 of the Dungeon)

   [ring of protection from fire]

   Str+3:     It affects your strength (+3).
   rF+:       It protects you from fire.
   rC+:       It protects you from cold.
Wands
 b - a wand of polymorph (4)
 m - a wand of flame (53)
 t - a wand of paralysis (18)
 I - a wand of quicksilver (5)
 T - a wand of roots (6)
Scrolls
 f - 5 scrolls of blinking
 h - 5 scrolls of teleportation
 n - 2 scrolls of fear
 p - 2 scrolls of fog
 r - 4 scrolls of enchant armour
 w - 5 scrolls of revelation
 G - 2 scrolls of poison
 M - a scroll of butterflies {unknown}
Potions
 a - a potion of invisibility
 e - 13 potions of curing
 j - 3 potions of attraction
 k - 2 potions of might
 l - 2 potions of cancellation
 s - 2 potions of heal wounds
 u - a potion of resistance
 v - 2 potions of haste
 x - 6 potions of berserk rage
 z - 6 potions of brilliance
 A - 2 potions of magic
 E - a potion of ambrosia
 N - 4 potions of enlightenment
 P - 2 potions of mutation
Miscellaneous
 Q - a lightning rod (4/4)
 R - a condenser vane


   Skills:
 + Level 12.1 Fighting
 - Level 2.0 Throwing
 + Level 9.9 Armour
 - Level 5.0 Dodging
 - Level 2.0 Stealth
 * Level 21.0 Unarmed Combat


You had 14 spell levels left.
You didn't know any spells.
Your spell library contained the following spells:

 Spells                   Type           Power      Damage    Failure   Level
 Cigotuvi's Dreadful Rot  Necr/Alch/Air  0%         N/A       58%         2
 Ensorcelled Hibernation  Hex/Ice        0%         N/A       58%         2
 Lesser Beckoning         Tloc           0%         N/A       58%         2
 Mercury Vapours          Alch/Air       0%         N/A       58%         2
 Gell's Gravitas          Tloc           0%         N/A       83%         3
 Inner Flame              Hex/Fire       0%         N/A       83%         3
 Mephitic Cloud           Conj/Alch/Air  0%         N/A       83%         3
 Passwall                 Erth           0%         N/A       83%         3
 Swiftness                Air            0%         N/A       83%         3
 Teleport Other           Tloc           0%         N/A       83%         3
 Dispel Undead            Necr           0%         3d6       99%         4
 Flame Wave               Conj/Fire      0%         2d4       99%         4
 Ignite Poison            Fire/Alch      0%         N/A       99%         4
 Martyr's Knell           Necr/Summ      0%         N/A       99%         4
 Sticky Flame             Fire/Alch      0%         2d4       99%         4
 Summon Blazeheart Golem  Fire/Summ      0%         N/A       99%         4
 Freezing Cloud           Conj/Ice/Air   0%         6-21      100%        5
 Death Channel            Necr           0%         N/A       100%        6
 Dispersal                Tloc           0%         N/A       100%        6
 Orb of Destruction       Conj           0%         9d5       100%        7
 Spellforged Servitor     Conj/Summ      0%         N/A       100%        7
 Ignition                 Fire           0%         3d3       100%        8


Dungeon Overview and Level Annotations

Branches:
Dungeon (15/15)            Temple (1/1) D:5            Lair (5/5) D:8
  Swamp (0/4) Lair:2       Spider (0/4) Lair:3        Slime (0/5) Lair:4
    Orc (2/2) D:10            Elf (0/3) Orc:2        Vaults (0/5) D:13
 Depths (0/4) D:15        Ossuary (visited)

Altars:
Ashenzari
Cheibriados
Dithmenos
Elyvilon
Fedhas
Gozag
Hepliaklqana
Kikubaaqudgha
Makhleb
Nemelex Xobeh
Okawaru
Qazlal
Ru
Sif Muna
Trog
Uskayaw
Vehumet
Wu Jian
Xom
Yredelemnul
Zin
The Shining One
Jiyva

Shops:
D:8 [??   D:11 =   D:13 !   Orc:1 :   Orc:2 *=??

Portals:
Trove: D:10 (give +5 demon whip)

Annotations:
D:3 1 runed translucent door, cfcfcfcfcf's ghost, weakling TeFi
D:4 2 transporters, cfcfcfcfcf's ghost, weakling TeFi
Lair:2 2 transporters, Quickbrownfox's ghost, journeyman OpSh
Orc:1 manual invo/evo
Orc:2 3 runed translucent doors, Peloso's ghost, journeyman MiFi; Xomster's ghost, journeyman MiBe; mihai's ghost, journeyman MiFi


Innate Abilities, Weirdness & Mutations

You are too large for most types of armour.
You have claws for hands.
Your natural rate of healing is unusually fast.
You are covered in fur. (AC +1)
You have tough skin. (AC +1)
You have a beak for a mouth.
You have acidic saliva.
You expend magic power (3 MP) to strengthen your wands.
Your melee attacks may engulf your foes in ooze.


Message History

The eight-headed hydra bites you.
The eight-headed hydra barely misses you.
The eight-headed hydra bites you.
The eight-headed hydra completely misses you.
The eight-headed hydra bites you! The eight-headed hydra bites you.
Unknown command.
You thump the eight-headed hydra!
Your weapon exudes an aura of protection.
You peck the eight-headed hydra, but do no damage.
The eight-headed hydra is lightly wounded.
The eight-headed hydra closely misses you. x2
The eight-headed hydra bites you but does no damage.
The eight-headed hydra bites you! x2; The eight-headed hydra bites you.
The eight-headed hydra bites you!!
The eight-headed hydra bites you but does no damage.
The eight-headed hydra barely misses you.
The eight-headed hydra bites you but does no damage.
The eight-headed hydra bites you! The eight-headed hydra misses you.
The eight-headed hydra barely misses you.
The eight-headed hydra bites you but does no damage.
The eight-headed hydra barely misses you.
The eight-headed hydra bites you but does no damage.
Gozag petitions for your drink to fail. The eight-headed hydra bites you!!
* * * LOW HITPOINT WARNING * * *
The eight-headed hydra bites you.
* * * LOW HITPOINT WARNING * * *
The eight-headed hydra closely misses you. x3
The eight-headed hydra misses you.
The eight-headed hydra barely misses you.
The eight-headed hydra bites you!
* * * LOW HITPOINT WARNING * * *
The eight-headed hydra bites you but does no damage.
The eight-headed hydra closely misses you.
The eight-headed hydra barely misses you.
The eight-headed hydra bites you!
* * * LOW HITPOINT WARNING * * *
The eight-headed hydra bites you but does no damage.
The eight-headed hydra bites you!
You die...

##### #####P#.# # ##
####.......##..#...
#P.................
###..#..#..###.....#
#....#####.@##.....#
##...# #.#D.....#
##.###............P
#..##..............
##.##......#.......
#..##......##......
##.##.###### .....#
##..#####. ....(.
#......#.. ....#.


You could see an eight-headed hydra (berserk, incited).

Vanquished Creatures
  Gastronok (D:9)
  An orc warlord (Orc:2)
  A stone giant (D:12)
  Azrael (D:13)
  Nessos (Lair:3)
  A vault guard (D:10)
  Erolcha (D:11)
  A rakshasa (D:14)
  3 hydras
  2 catoblepae
  8 centaur warriors
  3 boulder beetles
  5 two-headed ogres
  6 death yaks
  2 orc high priests (Orc:2)
  Urug (D:13)
  2 skysharks
  A deep troll (Lair:1)
  3 skeletal warriors (D:13)
  An arcanist (D:13)
  3 bog bodies (Lair:2)
  A harpy (shapeshifter) (D:13)
  3 orc knights
  4 deep elf pyromancers
  5 orc sorcerers
  5 ugly things
  9 cyclopes
  6 manticores
  An oklob plant (Lair:3)
  3 meliai (Lair:4)
  Maurice (D:9)
  2 kobold blastminers (Orc:2)
  7 black mambas
  2 torpor snails
  14 elephants
  6 gargoyles
  Joseph (D:9)
  A smoke demon (D:10)
  12 cane toads
  3 rime drakes
  Jeremiah (D:7)
  A kobold demonologist (D:12)
  An unseen horror (D:11)
  8 komodo dragons
  4 efreet
  A freezing wraith (D:15)
  3 tengu conjurers
  A queen bee (Lair:4)
  7 trolls
  A hornet (D:11)
  12 blink frogs
  3 polar bears
  A jumping spider (shapeshifter) (D:12)
  A spriggan (Lair:3)
  A centaur simulacrum (D:14)
  Sigmund (D:2)
  9 fire elementals
  4 shadows
  5 wyverns
  6 steam dragons
  4 fire bats
  3 wraiths
  16 humans (D:13)
  Grum (D:11)
  5 basilisks
  6 wargs
  10 vampire mosquitoes
  A redback (shapeshifter) (D:13)
  42 yaks
  2 redbacks (Lair:3)
  10 water moccasins
  27 orc warriors
  2 black bears
  2 laughing skulls (D:14)
  5 ogres
  A sky beast (D:7)
  7 wolves
  19 centaurs
  A phantom (D:6)
  18 bullfrogs
  2 kobold brigands
  A gnoll sergeant (D:9)
  13 scorpions
  17 wights
  42 killer bees
  An electric eel (Lair:2)
  6 howler monkeys
  A lava snake (D:8)
  A centaur zombie (Ossuary)
  3 hounds
  3 human zombies (Ossuary)
  A gnoll bouda (D:9)
  6 jellies
  33 orc priests
  2 iguanas (D:4)
  Terence (D:3)
  6 scorpion zombies (Ossuary)
  6 sleepcaps
  38 orc wizards
  Robin (D:3)
  4 mummies
  15 gnolls
  8 adders
  7 river rats (D:6)
  A shadow imp (D:7)
  2 white imps
  2 ufetubi (D:7)
  3 adder zombies (Ossuary)
  A ribbon worm (D:2)
  2 dart slugs (D:2)
  95 orcs
  5 endoplasms
  A giant cockroach (D:4)
  2 gnoll zombies (Ossuary)
  10 hobgoblins
  3 jackals (D:2)
  9 ball pythons
  A ball python zombie (Ossuary)
  3 bats
  9 goblins
  2 jackal zombies (Ossuary)
  17 kobolds
  3 orc zombies (Ossuary)
  21 rats
797 creatures vanquished.

Vanquished Creatures (others)
  A great orb of eyes (D:15)
  4 ugly things (D:15)
  A moth of wrath (shapeshifter) (D:15)
  4 slime creatures
  A troll (D:13)
  A water moccasin (Lair:5)
  2 centaurs (D:13)
  A killer bee (Lair:4)
  2 orc priests (Orc:2)
  35 jellies
  7 orc wizards
  18 orcs
77 creatures vanquished.

Grand Total: 874 creatures vanquished

Notes
Turn   | Place    | Note
-------+----------+-------------------------------------------
     0 | D:1      | Henri the Troll Gladiator began the quest for the Orb.
     0 | D:1      | Reached XP level 1. HP: 19/19 MP: 0/0
    74 | D:1      | Reached XP level 2. HP: 28/28 MP: 1/1
   339 | D:1      | Found a faded altar of an unknown god.
   618 | D:2      | Noticed Sigmund
   639 | D:2      | Killed Sigmund
   640 | D:2      | Reached skill level 5 in Unarmed Combat
   640 | D:2      | Reached XP level 3. HP: 35/35 MP: 2/2
   640 | D:2      | Reached XP level 4. HP: 42/42 MP: 3/3
   640 | D:2      | Reached XP level 5. HP: 49/49 MP: 4/4
  1046 | D:2      | Reached skill level 6 in Unarmed Combat
  1559 | D:3      | Found an ornate altar of the Wu Jian Council.
  1559 | D:3      | Noticed Terence
  1568 | D:3      | Killed Terence
  1572 | D:3      | Reached XP level 6. HP: 57/57 MP: 5/5
  1733 | D:3      | Noticed Robin
  1747 | D:3      | Killed Robin
  2116 | D:3      | Found a runed translucent door.
  2116 | D:3      | Noticed cfcfcfcfcf's ghost (weakling TeFi)
  2413 | D:4      | Reached skill level 7 in Unarmed Combat
  2600 | D:4      | Found a transporter.
  2787 | D:4      | Reached XP level 7. HP: 60/63 MP: 6/6
  2889 | D:4      | Reached skill level 8 in Unarmed Combat
  3308 | D:4      | Found a transporter.
  3323 | D:4      | Noticed cfcfcfcfcf's ghost (weakling TeFi)
  3356 | D:5      | Entered Level 5 of the Dungeon
  3544 | D:5      | Reached skill level 9 in Unarmed Combat
  3627 | D:5      | Found a staircase to the Ecumenical Temple.
  3638 | Temple   | Entered the Ecumenical Temple
  3663 | Temple   | Became a worshipper of Gozag Ym Sagoz the Greedy
  3842 | D:5      | Reached XP level 8. HP: 72/72 MP: 7/7
  4055 | D:6      | Reached skill level 10 in Unarmed Combat
  4319 | D:6      | Reached skill level 11 in Unarmed Combat
  4327 | D:6      | Reached skill level 1 in Armour
  4476 | D:6      | Reached XP level 9. HP: 75/80 MP: 8/8
  5120 | D:7      | Noticed Jeremiah
  5272 | D:7      | Found a sand-covered staircase.
  5286 | Ossuary  | Entered an ossuary
  5521 | Ossuary  | Reached skill level 12 in Unarmed Combat
  5678 | D:7      | Killed Jeremiah
  5870 | D:7      | Reached skill level 5 in Fighting
  5873 | D:7      | Reached XP level 10. HP: 96/96 MP: 9/9
  6075 | D:7      | Noticed a cyclops
  6088 | D:7      | Killed a cyclops
  6101 | D:7      | Identified the +4 cloak of Nyrocs {Int+3}
  6293 | D:8      | Reached skill level 5 in Armour
  6296 | D:8      | Found a staircase to the Lair.
  6402 | D:8      | Found a shadowy altar of Dithmenos.
  6999 | D:8      | Found a hide-covered altar of Uskayaw.
  7104 | D:9      | Noticed Maurice
  7106 | D:9      | Reached skill level 13 in Unarmed Combat
  7122 | D:9      | Maurice stole 5 large rocks
  7126 | D:9      | Something stole a +0 giant spiked club of protection
  7129 | D:9      | Something stole 439 gold
  7130 | D:9      | Something stole 185 gold
  7155 | D:9      | Killed Maurice
  7249 | D:9      | Noticed a two-headed ogre
  7249 | D:9      | Noticed a brown ugly thing
  7262 | D:9      | Killed a brown ugly thing
  7273 | D:9      | Killed a two-headed ogre
  7277 | D:9      | Reached XP level 11. HP: 42/107 MP: 10/10
  7419 | D:9      | Noticed Gastronok
  7444 | D:9      | Killed Gastronok
  7602 | D:9      | Found an iron altar of Okawaru.
  7662 | D:9      | Found a radiant altar of Vehumet.
  7664 | D:9      | Noticed Joseph
  7676 | D:9      | Killed Joseph
  7677 | D:9      | Reached skill level 14 in Unarmed Combat
  7909 | D:9      | Noticed a two-headed ogre
  7931 | D:9      | Killed a two-headed ogre
  8735 | D:10     | Entered Level 10 of the Dungeon
  8826 | D:10     | Reached skill level 5 in Dodging
  8910 | D:10     | Found a staircase to the Orcish Mines.
  9238 | D:10     | Noticed a two-headed ogre
  9247 | D:10     | Killed a two-headed ogre
  9248 | D:10     | Reached skill level 15 in Unarmed Combat
  9781 | D:10     | Noticed a vault guard
  9788 | D:10     | Killed a vault guard
  9793 | D:10     | Found a portal to a secret trove of treasure.
  9834 | D:10     | Reached XP level 12. HP: 118/119 MP: 11/11
  9874 | D:11     | Noticed Erolcha
  9917 | D:11     | Found Jucedauv's Jewellery Shop.
  9981 | Abyss:1  | Cast into level 1 of the Abyss (Erolcha)
  9993 | D:11     | Escaped the Abyss
 10006 | D:11     | Killed Erolcha
 10007 | D:11     | Reached skill level 1 in Stealth
 10264 | D:11     | Reached skill level 16 in Unarmed Combat
 10390 | D:11     | Noticed a boulder beetle
 10400 | D:11     | Killed a boulder beetle
 10499 | D:11     | Noticed Grum
 10513 | D:11     | Killed Grum
 10559 | D:11     | Found an ornate altar of the Wu Jian Council.
 10683 | D:12     | Noticed a two-headed ogre
 10694 | D:11     | Killed a two-headed ogre
 10859 | D:12     | You fall into a shaft and drop 2 floors!
 10923 | D:14     | Noticed a centaur warrior
 10928 | D:14     | Killed a centaur warrior
 11003 | D:14     | Noticed a rakshasa
 11248 | D:13     | Noticed a four-headed hydra
 11306 | D:13     | Noticed a centaur warrior
 11316 | D:13     | Killed a centaur warrior
 11325 | D:13     | Reached skill level 17 in Unarmed Combat
 11354 | D:13     | Found Henuavve's Distillery.
 11463 | D:12     | Reached XP level 13. HP: 131/131 MP: 12/12
 11546 | D:12     | Noticed a stone giant
 11560 | D:12     | Killed a stone giant
 11935 | Lair:1   | Entered Level 1 of the Lair of Beasts
 11946 | D:8      | Bought a scroll of teleportation for 36 gold pieces
 11946 | D:8      | Bought a scroll of identify for 24 gold pieces
 11946 | D:8      | Bought a scroll of identify for 24 gold pieces
 11946 | D:8      | Bought a scroll of identify for 24 gold pieces
 11946 | D:8      | Bought a scroll of enchant armour for 90 gold pieces
 11959 | D:8      | Bought a scroll of enchant weapon for 112 gold pieces
 11959 | D:8      | Bought a scroll of enchant armour for 112 gold pieces
 11959 | D:8      | Bought a scroll of fear for 60 gold pieces
 11959 | D:8      | Bought a scroll of identify for 30 gold pieces
 13102 | Lair:2   | Reached skill level 18 in Unarmed Combat
 13106 | Lair:2   | Reached skill level 10 in Fighting
 13598 | Lair:2   | Noticed Quickbrownfox's ghost (journeyman OpSh)
 13603 | Lair:2   | Found a transporter.
 13608 | Lair:2   | Found a transporter.
 13689 | Lair:2   | Found a staircase to the Swamp.
 13759 | Lair:2   | Found a bloodstained altar of Trog.
 14033 | Lair:3   | Found a hole to the Spider Nest.
 14080 | Lair:3   | Noticed Nessos
 14241 | Lair:3   | Identified the +4 flail of Yrheq {drain, Str+4 Stlth+}
 14476 | Lair:3   | Killed Nessos
 14477 | Lair:3   | Reached XP level 14. HP: 51/144 MP: 4/13
 15341 | Lair:4   | Reached skill level 19 in Unarmed Combat
 15734 | Lair:4   | Found a viscous altar of Jiyva.
 15734 | Lair:4   | Found a staircase to the Slime Pits.
 16035 | D:8      | Bought the +0 hat "Ruro" {rC+ rCorr} for 259 gold pieces
 16151 | Lair:4   | Fell from the grace of Gozag
 16151 | Lair:4   | Became a worshipper of Jiyva Jacaopn the Shapeless
 16369 | D:13     | Noticed Urug
 16369 | D:13     | Noticed Azrael
 16369 | D:13     | Found a gate to the Vaults.
 16454 | D:13     | Killed Azrael
 16714 | D:13     | Killed Urug
 16896 | D:13     | Identified the +5 rapier "Doteqig" {holy, rElec rPois rCorr
                  | Str-2}
 17073 | D:13     | Reached skill level 20 in Unarmed Combat
 17073 | D:13     | Reached XP level 15. HP: 85/154 MP: 5/14
 17587 | D:14     | Reached * piety under Jiyva
 18027 | D:15     | Entered Level 15 of the Dungeon
 18176 | D:15     | Reached ** piety under Jiyva
 18179 | D:15     | Found a hazy altar of Hepliaklqana.
 18587 | D:15     | Reached *** piety under Jiyva
 18741 | D:15     | Found a staircase to the Depths.
 18931 | D:11     | Bought the ring of the Nice Grape {rF+ rC+ Str+3} for 679
                  | gold pieces
 18967 | Orc:1    | Entered Level 1 of the Orcish Mines
 18967 | Orc:1    | Gained mutation: You expend magic power (3 MP) to
                  | strengthen your wands. [Jiyva's grace]
 18967 | Orc:1    | Gained mutation: Your melee attacks may engulf your foes in
                  | ooze. [Jiyva's grace]
 18967 | Orc:1    | Gained mutation: You have acidic saliva. [Jiyva's grace]
 18967 | Orc:1    | Gained mutation: You have a beak for a mouth. [Jiyva's
                  | grace]
 19035 | Orc:1    | Found Faxkoweown's Vocational Training.
 19317 | Orc:2    | Entered Level 2 of the Orcish Mines
 19425 | Orc:2    | Reached **** piety under Jiyva
 19491 | Orc:2    | Found a staircase to the Elven Halls.
 19587 | Orc:2    | Found a runed translucent gate.
 19587 | Orc:2    | Found a runed translucent gate.
 19587 | Orc:2    | Found a runed translucent gate.
 19588 | Orc:2    | Noticed Peloso's ghost (journeyman MiFi)
 19590 | Orc:2    | Noticed Peloso's ghost (journeyman MiFi)
 19590 | Orc:2    | Noticed mihai's ghost (journeyman MiFi)
 19590 | Orc:2    | Noticed Xomster's ghost (journeyman MiBe)
 20225 | Orc:2    | Found Pioffob's General Store.
 20225 | Orc:2    | Found Somijofy's Magic Scroll Boutique.
 20226 | Orc:2    | Found Farrywk's Magic Scroll Boutique.
 20231 | Orc:2    | Found Ezxonin's Jewellery Shop.
 20240 | Orc:2    | Bought the ring of Qehoomm {rPois AC+4 SInv Stlth-} for 600
                  | gold pieces
 20790 | Lair:5   | Entered Level 5 of the Lair of Beasts
 21110 | Lair:5   | Reached ***** piety under Jiyva
 21127 | Lair:5   | Reached skill level 21 in Unarmed Combat
 21202 | Lair:5   | HP: 6/156 [eight-headed hydra (12)]
 21202 | Lair:5   | Mangled by an eight-headed hydra

Illustrated notes

Levels and vault maps discovered:
D:1:      wander_arrival_peaceful_grave, layout_rooms,
          shapermc_ecumenical_altar_mp_ritualfount, minivault_14
D:2:      layout_loops_corners, uniq_sigmund
D:3:      layout_loops_ring, mainiacjoe_overflow_tiny_flanked,
          gammafunk_ghost_grave, minmay_liquid_box, uniq_robin, uniq_terence
D:4:      layout_basic, gammafunk_ghost_gnarly_gnolls, roderic_roman_lattice
D:5:      layout_cave_pools, minmay_temple_entry_stoned_glass
D:6:      layout_rooms, serial_rivers, chequers_serial_rivers_room_a,
          chequers_serial_rivers_room_b, chequers_serial_rivers_marsh,
          chequers_serial_rivers_room_a, chequers_serial_rivers_micro_b,
          chequers_serial_rivers_marsh, dk_rats_in_the_wall
D:7:      minmay_chambers_of_fours, layout_rooms, gup_ossuary_entry_pyramid,
          uniq_jeremiah
D:8:      layout_basic, nicolae_uskayaw_suspiria,
          mainiacjoe_overflow_surrounded_room, lair_entry_dummy
D:9:      layout_layer_cave, mainiacjoe_overflow_concentric_impassable,
          minmay_ruined_shrine, uniq_gastronok, uniq_maurice, uniq_joseph
D:10:     layout_long_grid, hiddenorc2_lemuel, enter_trove_5, minivault_11
D:11:     minmay_firetagon, layout_rooms, serial_shops, nicolae_shop_stone,
          nzn_wu_jian_council_hall, uniq_erolcha, uniq_grum
D:12:     layout_cave_pools, st_stairs_1, kennysheep_just_a_vault
D:13:     minmay_box_of_statues, layout_loops_ring, david_vaults_3,
          serial_shops, shop, uniq_azrael
D:14:     layout_basic, minmay_misc_feat_iff
D:15:     gammafunk_enter_depths_forms, layout_grid_maze,
          hangedman_decor_lopped, nicolae_hepliaklqana_hazy_memory
Temple:   compressed_dpeg_circular_temple
Lair:1:   dreamdust_cave_troll, layout_gridlike, grunt_forest_stairs_basic,
          serial_bayou_pond_b, guppyfry_lair_drakes
Lair:2:   layout_gridlike, nicolae_swamp_entry_splash_gauntlet,
          gammafunk_ghost_wrathful_warriors
Lair:3:   layout_roguey, spider_nest_entry_webs, grunt_forest_stairs_clearing,
          serial_bayou_shore_a, uniq_nessos
Lair:4:   regret_index_combs_of_tragedy, layout_cave_shapes,
          nicolae_slime_entry_field_trip, chequers_serial_rivers_micro_a
Lair:5:   minmay_lair_end_frog_pond, layout_regular_city, serial_bayou_pond_d
Orc:1:    layout_caves, nicolae_shop_vocational
Orc:2:    st_orc_mages, layout_diamond_mine, gammafunk_ghost_cemetery

Skill      XL: |  1  2  3  4  5  6  7  8  9 10 11 12 13 14 15 |
---------------+----------------------------------------------+-----
Throwing       | 2 |  2.0
Unarmed Combat | 5 6 7 9 11 12 13 15 17 18 20 21 | 21.0
Fighting       | 2 5 6 8 9 10 11 12 | 12.1
Armour         | 1 4 5 7 8 9 |  9.9
Dodging        | 4 5 |  5.0
Stealth        | 2 |  2.0

Action                     |  1- 3 |  4- 6 |  7- 9 | 10-12 | 13-15 || total
---------------------------+-------+-------+-------+-------+-------++-------
  Melee: Unarmed           |    53 |   128 |   357 |   452 |  1061 ||  2051
         Punch             |     2 |     6 |    14 |    31 |    84 ||   137
         Giant spiked club |       |       |       |       |    24 ||    24
         Peck              |       |       |       |       |    56 ||    56
         Bite              |       |       |       |       |    34 ||    34
  Throw: Large rock        |       |       |       |       |    10 ||    10
 Invoke: Call Merchant     |       |       |       |       |     3 ||     3
    Use: Scroll            |     1 |     2 |    12 |     2 |    21 ||    38
         Potion            |       |       |       |     1 |     5 ||     6
   Stab: Sleeping          |       |     3 |       |       |     1 ||     4
         Distracted        |       |       |     2 |     3 |     3 ||     8
 Armour: Robe              |    20 |    75 |   242 |   332 |    15 ||   684
         Troll leather arm |       |       |       |       |  1135 ||  1135
  Dodge: Dodged            |    23 |    47 |   137 |   193 |   611 ||  1011
